 Dungeon Crawl Stone Soup version 0.28.0-53-g5a82cb258f (webtiles) character file.

Game seed: 13726504762710537642

4258 Shogun88 the Ruffian (level 10, -3/100 HPs)
             Began as a Troll Fighter on July 8, 2022.
             Slain by a yak (9 damage)
             ... on level 7 of the Dungeon.
             The game lasted 00:44:38 (7072 turns).

Shogun88 the Ruffian (Troll Fighter)                Turns: 7072, Time: 00:44:38

Health: -3/100     AC:  8    Str: 30    XL:     10   Next: 10%
Magic:  9/9        EV: 10    Int:  4    God:
Gold:   1324       SH:  8    Dex:  9    Spells: 9/9 levels left

rFire   . . .      SeeInvis .     - Unarmed
rCold   . . .      Faith    +   b - +0 kite shield
rNeg    . . .      Spirit   .   x - +1 steam dragon scales
rPois   .          Reflect  .   (helmet restricted)
rElec   .          Harm     .   (no cloak)
rCorr   .          Rampage  .   (gloves unavailable)
Will    .....                   (boots unavailable)
Stlth   +.........              y - amulet of faith
HPRegen 1.06/turn               (no ring)
MPRegen 0.11/turn               (no ring)

@: no status effects
A: large, unfitting armour, claws 3, regeneration 1, shaggy fur 1, tough skin 1
a: no special abilities


You were on level 7 of the Dungeon.
You visited 1 branch of the dungeon, and saw 8 of its levels.

You collected 1324 gold pieces.

Inventory:

Hand Weapons
 c - a +0 scimitar of flaming
 k - a +1 whip of draining
 p - a +0 whip of freezing
 q - a +0 dagger of venom
 t - a +0 shortbow
 u - a +0 war axe
 v - a +3 great sword
 B - a +5 spear of freezing
 H - a +2 falchion of holy wrath
Missiles
 e - 107 arrows
 g - 172 stones (quivered)
 j - 2 throwing nets
 n - 23 poisoned darts
 A - 5 boomerangs
Armour
 b - a +0 kite shield (worn)
 x - +1 steam dragon scales (worn)
 D - +0 steam dragon scales
Magical Staves
 s - a staff of poison
Jewellery
 y - an amulet of faith (around neck)
Wands
 f - a wand of acid (2)
 o - a wand of flame (23)
 w - a wand of iceblast (14)
 E - a wand of charming (6)
Scrolls
 a - a scroll of vulnerability
 m - 3 scrolls of teleportation
 r - a scroll of immolation
 C - a scroll of amnesia {unknown}
 G - 3 scrolls of identify
Potions
 d - 2 potions of degeneration
 i - 4 potions of attraction
 l - 2 potions of lignification
 z - a potion of flight {unknown}
 F - a potion of curing {unknown}


   Skills:
 + Level 6.6 Fighting
 + Level 6.6 Dodging
 + Level 6.6 Shields
 + Level 7.6 Unarmed Combat


You had 9 spell levels left.
You didn't know any spells.
Your spell library contained the following spells:

 Spells                   Type           Power      Damage    Failure   Level
 Magic Dart               Conj           0%         1d3       77%         1
 Sting                    Tmut/Pois      0%         1d3       77%         1
 Poisonous Vapours        Pois/Air       0%         N/A       88%         2
 Searing Ray              Conj           0%         2d4       88%         2
 Gell's Gravitas          Tloc           0%         N/A       98%         3
 Lesser Beckoning         Tloc           0%         N/A       98%         3
 Teleport Other           Tloc           0%         N/A       98%         3
 Fulminant Prism          Conj/Hex       0%         3d6       100%        4
 Olgreb's Toxic Radiance  Pois           0%         N/A       100%        4


Dungeon Overview and Level Annotations

Branches:
Dungeon (8/15)             Temple (0/1) D:4
   Lair: D:8-11

Altars:
Ashenzari
Cheibriados
Kikubaaqudgha
Vehumet

Shops:
D:5 (   D:8 [

Annotations:
D:3 Sigmund
D:6 2 transporters, Lemuel's ghost, novice DgCj


Innate Abilities, Weirdness & Mutations

You are too large for most types of armour.
You have claws for hands.
Your natural rate of healing is unusually fast.
You are covered in fur. (AC +1)
You have tough skin. (AC +1)


Message History

The yak barely misses you.
You barely miss the yak. The yak gores you! The yak gores you.
You claw the yak!
The yak is heavily wounded.
You block the yak's attack. The yak gores you. You block the yak's attack.
You are too injured to fight recklessly!
You are too injured to fight recklessly!
You are too injured to fight recklessly!
You are too injured to fight recklessly!
You are too injured to fight recklessly!
You are too injured to fight recklessly!
You claw the yak!
The yak is severely wounded.
The yak closely misses you. The yak barely misses you. x2
You closely miss the yak.
The yak is severely wounded.
You block the yak's attack. x2; The yak gores you.
You scratch the yak but do no damage.
The yak is severely wounded.
The yak gores you! The yak gores you. The yak gores you!
* * * LOW HITPOINT WARNING * * *
You mangle the yak!!
You kill the yak!
The yak closely misses you. The yak gores you!
* * * LOW HITPOINT WARNING * * *
The yak gores you.
* * * LOW HITPOINT WARNING * * *
The yak gores you!
* * * LOW HITPOINT WARNING * * *
You block the yak's attack.
You feel much better. The yak gores you!
* * * LOW HITPOINT WARNING * * *
The yak gores you!
* * * LOW HITPOINT WARNING * * *
You claw the yak!
The yak is heavily wounded.
The yak gores you.
* * * LOW HITPOINT WARNING * * *
The yak gores you!
You die...

..###...##.......##.....#
.....#..#....##.........#
.....#.##.....#.........#
........................##
........#............>.#.#
........##..............##
.........##............##
...####...#..........#.#
#..##.........#.@......###
##............#†YY.......#
#........##.#..†>†..>...##
##........####.###.#.##..##
#..........# #.# #######))#
##.........###.# ##).##
#...........##.## #....#
................## ###.)###
............#....#
##.#....#


You could see 2 yaks.

Vanquished Creatures
  Maggie (D:6)
  5 yaks (D:7)
  2 steam dragons
  2 water moccasins
  A hornet zombie (D:6)
  An orc warrior (D:4)
  2 necrophages
  2 black bears
  6 ogres
  2 centaurs
  A phantom (D:7)
  A kobold brigand (D:7)
  A wyvern zombie (D:6)
  3 bullfrogs
  A gnoll sergeant (D:5)
  3 scorpions
  A water moccasin skeleton (D:4)
  3 wights
  A howler monkey (D:5)
  A centaur zombie (D:5)
  A bullfrog zombie (D:5)
  2 hounds
  A gnoll shaman (D:7)
  An orc priest (D:4)
  A jelly (D:6)
  A bullfrog skeleton (D:6)
  4 iguanas
  2 orc wizards
  Ijyb (D:3)
  A killer bee zombie (D:6)
  A howler monkey zombie (D:5)
  Robin (D:3)
  5 gnolls (D:7)
  9 adders
  An ufetubus (D:6)
  An adder skeleton (D:4)
  A worm (D:2)
  2 dart slugs
  15 orcs
  9 ball pythons
  An endoplasm (D:4)
  A giant cockroach (D:4)
  21 goblins
  8 hobgoblins
  4 jackals
  10 quokkas
  8 bats
  7 frilled lizards
  15 kobolds
  9 rats
  2 bushes (D:2)
186 creatures vanquished.

Vanquished Creatures (others)
  6 fungi (D:7)
  6 plants (D:6)
12 creatures vanquished.

Grand Total: 198 creatures vanquished

Notes
Turn   | Place    | Note
-------+----------+-------------------------------------------
     0 | D:1      | Shogun88 the Troll Fighter began the quest for the Orb.
     0 | D:1      | Reached XP level 1. HP: 22/22 MP: 0/0
   133 | D:1      | Reached XP level 2. HP: 29/29 MP: 1/1
   422 | D:1      | Reached XP level 3. HP: 36/36 MP: 2/2
   437 | D:1      | Found a faded altar of an unknown god.
  1196 | D:2      | Reached XP level 4. HP: 39/44 MP: 3/3
  1888 | D:3      | Noticed a bullfrog
  1898 | D:3      | Killed a bullfrog
  1899 | D:3      | Reached skill level 3 in Unarmed Combat
  1899 | D:3      | Reached XP level 5. HP: 36/53 MP: 4/4
  1918 | D:3      | Noticed Ijyb
  1919 | D:3      | Noticed Robin
  1950 | D:3      | Killed Ijyb
  1974 | D:3      | Killed Robin
  2106 | D:3      | Identified the +1 leather armour "Cemum" {Harm SInv}
  2248 | D:3      | Found a faded altar of an unknown god.
  2253 | D:3      | Found a snail-covered altar of Cheibriados.
  2752 | D:3      | Noticed Sigmund
  3075 | D:4      | Reached XP level 6. HP: 52/61 MP: 5/5
  3126 | D:4      | Found a staircase to the Ecumenical Temple.
  3463 | D:4      | Reached skill level 4 in Unarmed Combat
  3597 | D:4      | Reached XP level 7. HP: 68/68 MP: 6/6
  3954 | D:5      | Entered Level 5 of the Dungeon
  4095 | D:4      | Reached skill level 5 in Unarmed Combat
  4095 | D:4      | Reached XP level 8. HP: 75/79 MP: 7/7
  4246 | D:5      | Reached skill level 5 in Fighting
  4246 | D:5      | Reached skill level 5 in Dodging
  4246 | D:5      | Reached skill level 5 in Shields
  4691 | D:5      | Found Qumack's Antique Weapon Shop.
  4747 | D:5      | Reached skill level 6 in Unarmed Combat
  5164 | D:6      | Reached XP level 9. HP: 27/88 MP: 8/8
  5247 | D:6      | Found a broken altar of Ashenzari.
  5401 | D:6      | Found a transporter.
  5401 | D:6      | Found a transporter.
  5413 | D:6      | Identified the ring of Eqiy {rPois Str+2 Dex+2}
  5416 | D:6      | Noticed Lemuel's ghost (novice DgCj)
  5630 | D:6      | Noticed Maggie
  5645 | D:6      | Killed Maggie
  5980 | D:6      | Found a radiant altar of Vehumet.
  6158 | D:7      | Identified a scroll of acquirement
  6158 | D:7      | Acquired 957 gold pieces
  6295 | D:7      | Reached skill level 7 in Unarmed Combat
  6339 | D:7      | Found a flagged portal.
  6432 | D:7      | Found an ancient bone altar of Kikubaaqudgha.
  6993 | D:8      | Found Aryqozaa's Antique Armour Shop.
  7054 | D:7      | Reached XP level 10. HP: 54/100 MP: 9/9
  7072 | D:7      | Slain by a yak

Illustrated notes

Levels and vault maps discovered:
D:1:      minmay_arrival_solitary_statue, layout_loops_ring,
          basic_ecumenical_altar
D:2:      minmay_evil_eye, layout_basic, serial_forest,
          infiniplex_forest_clump_tiny, infiniplex_forest_straight_4,
          infiniplex_forest_lined_room_, infiniplex_forest_lined_1,
          infiniplex_forest_zigzag_2
D:3:      layout_basic, nicolae_overflow_ecumenical_swirl,
          serial_co_window_serial, co_window_paths_b, co_window_paths_a,
          co_window_paths_b, co_window_paths_a, co_window_of_opportunity_a,
          co_window_corner_a, co_window_corner_a, co_window_of_opportunity_c,
          co_window_2corner, co_window_2corner, co_window_paths_c,
          co_window_broadway_a, co_window_broadway_c, co_window_paths_d,
          glass_columns_a, glass_columns_a, uniq_sigmund, uniq_ijyb, uniq_robin
D:4:      black_bear_nest_1, layout_rooms, temple_doors_e
D:5:      cheibrodos_fzero, layout_loops_ring, serial_shops, shop_statue,
          minmay_misc_feat_room
D:6:      layout_loops_ring, mainiacjoe_overflow_alcove_4, lemuel_doored_altar,
          gammafunk_ghost_gnarly_gnolls, uniq_maggie
D:7:      layout_cave_pools, mainiacjoe_overflow_chevrons, enter_bailey_3
D:8:      layout_loops_corners, trog_hazing_becter, serial_shops,
          nicolae_stop_n_shop_1, kennysheep_cross_room,
          nicolae_looking_at_the_future

Skill      XL: |  1  2  3  4  5  6  7  8  9 |
---------------+----------------------------+-----
Shields        | 3 4 5 6 |  6.6
Dodging        | 3 4 5 6 |  6.6
Fighting       | 3 4 5 6 |  6.6
Unarmed Combat | 3 4 5 6 7 |  7.6

Action                   |  1- 3 |  4- 6 |  7- 9 | 10-12 || total
-------------------------+-------+-------+-------+-------++-------
Melee: Unarmed           |   199 |   202 |   283 |    13 ||   697
  Use: Scroll            |       |     8 |     4 |       ||    12
       Potion            |       |       |     1 |     4 ||     5
Armor: Robe              |    33 |    43 |    43 |       ||   119
       Steam dragon scal |       |       |    46 |     7 ||    53
Dodge: Dodged            |    24 |    82 |   134 |    13 ||   253
Block: Kite shield       |    36 |    78 |   126 |    11 ||   251
